 Dungeon Crawl Stone Soup version 0.26.1-2-gb8aa6d0cf2 (webtiles) character file.

Game seed: 5501809636139696882

5310 H0rd4k the Cutter (level 10, -1/76 HPs)
             Began as a Human Artificer on Mar 8, 2021.
             Was an Initiate of Gozag.
             Slain by Grum
             ... wielding a +0 halberd
              (11 damage)
             ... on level 8 of the Dungeon.
             The game lasted 00:26:24 (14953 turns).

H0rd4k the Cutter (Human Artificer)                Turns: 14953, Time: 00:26:26

Health: -1/76      AC: 12    Str: 16    XL:     10   Next: 95%
Magic:  10/10      EV: 14    Int: 12    God:    Gozag
Gold:   445        SH:  0    Dex: 13    Spells: 9/9 levels left

rFire    . . .     SeeInvis .   P - +3 long sword (freeze)
rCold    . . .     Faith    .   (no shield)
rNeg     . . .     Spirit   .   A - +3 ring mail
rPois    +         Reflect  .   (no helmet)
rElec    .         Harm     .   w - +2 cloak
rCorr    .         Rampage  .   (no gloves)
Will     .....                  (no boots)
Stlth    ++........             z - amulet of magic regeneration
HPRegen  0.22/turn              l - ring of poison resistance
MPRegen  0.37/turn              u - ring of wizardry

@: lethally poisoned (-1 -> -6), gold aura, studying Long Blades
A: no striking features
a: Renounce Religion, Potion Petition, Call Merchant, Bribe Branch


You were on level 8 of the Dungeon.
You worshipped Gozag.
Gozag was aware of your devotion.
You visited 1 branch of the dungeon, and saw 8 of its levels.
You also visited: Sewer and Ossuary.

You collected 569 gold pieces.
You paid 124 gold pieces to Gozag.

Inventory:

Hand Weapons
 f - a +0 short sword
 G - the +3 spear "Cepeil" {protect, Str+2}
   (You found it on level 4 of the Dungeon)

   It grants its wielder temporary protection when it strikes (+7 to AC).
   It affects your strength (+2).
 H - a +1 spear of venom
 P - a +3 long sword of freezing (weapon)
 Q - a +5 great sword
Missiles
 p - 26 poisoned darts (quivered)
Armour
 w - a +2 cloak (worn)
 A - a +3 ring mail (worn)
Jewellery
 l - a ring of poison resistance (left hand)
 s - an uncursed ring of fire
 u - a ring of wizardry (right hand)
 z - an amulet of magic regeneration (around neck)
 F - a +6 ring of dexterity
 I - an uncursed ring of fire
 O - an uncursed ring of see invisible
Wands
 c - a wand of flame (26)
 e - a wand of random effects (50)
 K - a wand of disintegration (3)
Scrolls
 a - 13 scrolls of identify
 b - 2 scrolls of enchant armour {unknown}
 h - 3 scrolls of remove curse
 k - 5 scrolls of teleportation {unknown}
 m - 3 scrolls of amnesia
 q - 2 scrolls of magic mapping {unknown}
 r - a scroll of fear {unknown}
 y - 2 scrolls of blinking
 C - 2 scrolls of fog {unknown}
Potions
 d - 3 potions of curing
 g - 4 potions of mutation {unknown}
 i - 2 potions of ambrosia {unknown}
 j - 5 potions of attraction {unknown}
 n - 14 potions of heal wounds {unknown}
 o - 2 potions of berserk rage {unknown}
 t - 3 potions of invisibility
 v - 2 potions of flight {unknown}
 x - a potion of might {unknown}
 B - 2 potions of lignification {unknown}
 D - 2 potions of resistance {unknown}
 E - 4 potions of haste {unknown}
 L - a potion of magic {unknown}
 M - a potion of brilliance {unknown}
 N - a potion of degeneration {unknown}
Books
 J - a manual of Long Blades


   Skills:
 + Level 6.0 Fighting
 + Level 6.8(7.0) Short Blades
 + Level 2.0(4.7) Long Blades
 - Level 6.7 Polearms
 + Level 2.0 Throwing
 + Level 6.3 Armour
 + Level 6.0 Dodging
 + Level 4.0 Stealth
 + Level 4.7 Evocations


You had 9 spell levels left.
You didn't know any spells.
Your spell library was empty.

Dungeon Overview and Level Annotations

Branches:
Dungeon (8/15)             Temple (0/1) D:4           Sewer (visited)
Ossuary (visited)
   Lair: D:8-11

Altars:
Cheibriados
Dithmenos
Elyvilon
Gozag
Hepliaklqana
Makhleb
Sif Muna
Vehumet
Xom
The Shining One
Beogh

Shops:
D:4 *[*?   D:7 =

Annotations:
D:5 exclusion: 2 downstairs
D:6 exclusion: downstairs
D:7 exclusion: downstairs
D:8 Grum


Message History

The killer bee stings you but does no damage.
The killer bee closely misses you.
Your base Long Blades skill increases to level 2!
Unknown command.
You barely miss the killer bee.
The killer bee is severely wounded.
The killer bee closely misses you.
You riposte.
You hit the killer bee. You freeze the killer bee.
You kill the killer bee!
Grum grunts, "Me and Junior will play fetch with your bones!"
Grum closely misses you. The killer bee stings you!
* * * LOW HITPOINT WARNING * * *
Your Dodging skill increases to level 6!
The killer bee stings you.
* * * LOW HITPOINT WARNING * * *
You are poisoned.
The killer bee poisons you!
Grum hits you from afar with a +0 halberd!
You die...
Your body crumbles into a pile of gold.

#.....#.#...........
#.........# .......
##.........# .......
#...g......##. .....
#.h...###....... #...
#..#..# #.##.....#...
##g##.##...#.........
##y$.........#.###..
##@.......#.####...
##.......#.##.....
##........#.###.(##
#.............<.(##
#.........#.#.(..##
##..........##...#
##.....#...#.<.###
#.....####.......
###...# #....##.


You could see Grum and a killer bee.

Vanquished Creatures
  Pikel (D:5)
  Maggie (D:8)
  Prince Ribbit (D:6)
  Sigmund (D:2)
  Duvessa (D:6)
  A water moccasin (D:7)
  2 orc warriors
  A sky beast (D:7)
  A phantom (D:6)
  A wolf (D:8)
  A black bear (D:6)
  3 ogres
  4 worker ants
  2 centaurs
  Blork the orc (D:6)
  An elf zombie (Ossuary)
  6 bullfrogs
  A wyvern zombie (D:7)
  Dowan (D:6)
  2 scorpions
  5 killer bees
  11 wights
  A crimson imp (D:5)
  2 bullfrog zombies
  A hound (D:7)
  A jelly (D:7)
  2 orc priests
  A human zombie (Ossuary)
  A centaur skeleton (D:5)
  A gnoll shaman (D:3)
  2 bullfrog skeletons (D:7)
  3 iguanas
  5 orc wizards
  A big kobold zombie (Ossuary)
  4 mummies (Ossuary)
  A hound zombie (Ossuary)
  A hound skeleton (D:6)
  46 gnolls
  7 adders
  5 river rats (Sewer)
  A shadow imp (D:5)
  2 white imps (D:5)
  4 oozes
  An adder zombie (Ossuary)
  An adder skeleton (D:4)
  A worm (D:2)
  2 dart slugs
  A leopard gecko (D:5)
  37 orcs
  6 bats
  4 giant cockroaches
  A gnoll zombie (Ossuary)
  7 goblins
  5 hobgoblins
  18 jackals
  6 quokkas
  11 ball pythons
  5 frilled lizards
  2 hobgoblin zombies (Ossuary)
  3 jackal zombies (Ossuary)
  22 kobolds
  A leopard gecko skeleton (D:4)
  A leopard gecko zombie (D:8)
  27 rats
  A rat zombie (Ossuary)
304 creatures vanquished.

Vanquished Creatures (collateral kills)
  An adder (D:4)
  2 gnolls (D:2)
  A worm (D:4)
  An orc (D:4)
  A giant cockroach (D:4)
  A ball python (D:4)
  A frilled lizard (D:4)
8 creatures vanquished.

Vanquished Creatures (others)
  2 ogres (D:4)
  3 orc priests (D:4)
  A gnoll (D:2)
  An orc (D:4)
  A giant cockroach (D:4)
  2 plants (D:4)
10 creatures vanquished.

Grand Total: 322 creatures vanquished

Notes
Turn   | Place    | Note
-------+----------+-------------------------------------------
     0 | D:1      | H0rd4k the Human Artificer began the quest for the Orb.
     0 | D:1      | Reached XP level 1. HP: 15/15 MP: 1/1
   658 | D:1      | Reached XP level 2. HP: 15/21 MP: 2/2
  1321 | D:2      | Found a shadowy altar of Dithmenos.
  1452 | D:3      | Reached XP level 3. HP: 26/26 MP: 3/3
  1780 | D:3      | Reached skill level 1 in Short Blades
  1983 | D:3      | Reached XP level 4. HP: 31/32 MP: 4/4
  2199 | D:2      | Noticed Sigmund
  2205 | D:2      | Killed Sigmund
  2206 | D:2      | Reached XP level 5. HP: 27/38 MP: 5/5
  2206 | D:2      | Reached XP level 6. HP: 32/44 MP: 6/6
  2425 | D:2      | Reached skill level 1 in Throwing
  3268 | D:3      | Found a snail-covered altar of Cheibriados.
  3275 | D:3      | Found a shimmering blue altar of Sif Muna.
  3786 | D:3      | Found a radiant altar of Vehumet.
  3939 | D:3      | Found a hazy altar of Hepliaklqana.
  3974 | D:3      | Found a glowing golden altar of the Shining One.
  3974 | D:3      | Found a white marble altar of Elyvilon.
  4270 | D:4      | Found Heestaor's Armour Boutique.
  4276 | D:4      | Noticed an ogre
  4332 | D:4      | Found Yburchu's General Store.
  4333 | D:4      | Noticed an ogre
  4382 | D:4      | Reached XP level 7. HP: 7/51 MP: 7/7
  4400 | D:4      | Found Avool's Magic Scroll Shoppe.
  4476 | D:4      | Found a glowing drain.
  4523 | Sewer    | Entered a sewer
  6283 | D:4      | Found Vuzil's Assorted Antiques.
  6295 | D:4      | Reached XP level 8. HP: 57/57 MP: 8/8
  6583 | D:4      | Found a staircase to the Ecumenical Temple.
  7974 | D:3      | Reached skill level 5 in Short Blades
  9177 | D:5      | Entered Level 5 of the Dungeon
  9177 | D:5      | Found a sand-covered staircase.
  9218 | Ossuary  | Entered an ossuary
 10338 | D:5      | Reached XP level 9. HP: 56/65 MP: 9/9
 10618 | D:4      | Got an ichor-stained spear
 10619 | D:4      | Identified the +3 spear "Cepeil" {protect, Str+2} (You
                  | found it on level 4 of the Dungeon)
 11413 | D:5      | Found a shimmering altar of Xom.
 11413 | D:5      | Found a burning altar of Makhleb.
 11433 | D:5      | Reached skill level 1 in Polearms
 11621 | D:5      | Found a runed translucent door.
 11945 | D:5      | Reached skill level 5 in Armour
 12229 | D:5      | Found a roughly hewn altar of Beogh.
 12326 | D:6      | Noticed Prince Ribbit
 12356 | D:6      | Noticed Duvessa
 12356 | D:6      | Noticed Dowan
 12366 | D:6      | Noticed Blork the orc
 12376 | D:6      | Noticed Pikel
 12517 | D:5      | Killed Pikel
 12604 | D:6      | Reached XP level 10. HP: 69/73 MP: 10/10
 12648 | D:6      | Reached skill level 5 in Fighting
 12788 | D:6      | Killed Duvessa
 12810 | D:6      | Killed Dowan
 12887 | D:6      | Reached skill level 5 in Polearms
 12887 | D:6      | Reached skill level 5 in Dodging
 12956 | D:6      | Killed Prince Ribbit
 13069 | D:6      | Killed Blork the orc
 13411 | D:7      | Found Gejufit's Jewellery Shop.
 13861 | D:7      | Found an opulent altar of Gozag.
 13933 | D:7      | Became a worshipper of Gozag Ym Sagoz the Greedy
 14829 | D:8      | Noticed Maggie
 14856 | D:8      | Killed Maggie
 14857 | D:8      | Reached skill level 1 in Long Blades
 14934 | D:8      | Noticed Grum
 14953 | D:8      | Slain by Grum

Illustrated notes

Levels and vault maps discovered:
D:1:      amcnicky_arrival_feature_with_door, layout_loops_ring
D:2:      layout_rooms, grunt_dithmenos_smoke, uniq_sigmund
D:3:      layout_loops_corners, nicolae_overflow_hidden_temple,
          old_standard_altar, minitemple,
          chequers_temple_overflow_statue_of_worship
D:4:      lemuel_castle_with_subvaults [lemuel_castle_interior_carwin_1],
          layout_basic, minmay_temple_entry_poolview, serial_shops, shop, shop,
          kennysheep_little_box, nicolae_shop_trees,
          cheibrodos_sewer_entry_drain
D:5:      layout_basic, grunt_temple_overflow_champion_of_chaos,
          nicolae_ossuary_entry_monument, lightli_church_of_beogh
D:6:      layout_basic, minmay_manual_mail, uniq_pikel, uniq_blork_the_orc,
          uniq_duvessa, uniq_prince_ribbit1
D:7:      layout_cave_pools, lemuel_doored_altar, serial_shops, shop,
          grunt_decor_resistance
D:8:      layout_cave_pools, uniq_maggie, uniq_grum, uniq_joseph

Skill      XL: |  1  2  3  4  5  6  7  8  9 10 |
---------------+-------------------------------+-----
Short Blades   | 1 2 3 4 6 |  6.8
Fighting       | 2 3 4 6 |  6.0
Dodging        | 2 3 4 6 |  6.0
Throwing       | 1 2 |  2.0
Stealth        | 2 3 4 |  4.0
Armour         | 3 4 5 6 |  6.3
Evocations     | 4 |  4.7
Polearms       | 4 6 |  6.7
Long Blades    | 2 |  2.0

Action                   |  1- 3 |  4- 6 |  7- 9 | 10-12 || total
-------------------------+-------+-------+-------+-------++-------
Melee: Short sword       |   104 |   232 |   998 |       ||  1334
       Club              |    11 |       |       |       ||    11
       Spear             |       |       |   261 |   383 ||   644
       Long sword        |       |       |       |    22 ||    22
Throw: Dart              |     6 |       |     8 |       ||    14
Evoke: Wand              |     3 |    27 |    25 |     6 ||    61
  Use: Scroll            |       |       |     5 |       ||     5
 Stab: Sleeping          |     2 |     2 |       |     4 ||     8
       Distracted        |       |     1 |       |       ||     1
       Paralysed         |       |       |     1 |       ||     1
Armor: Leather armour    |    54 |    43 |    59 |       ||   156
       Ring mail         |       |       |   436 |   167 ||   603
Dodge: Dodged            |    84 |   151 |   816 |   237 ||  1288
       Rpst.: Long sword |       |       |       |    17 ||    17
